 Dungeon Crawl Stone Soup version 0.22.0-16-gc6d26f6 (webtiles) character file.

57 letownia2 the Insei (level 3, 0/28 HPs)
             Began as a Demonspawn Transmuter on Aug 17, 2018.
             Succumbed to an adder's poison
             ... on level 2 of the Dungeon.
             The game lasted 00:04:55 (924 turns).

letownia2 the Insei (Demonspawn Transmuter)          Turns: 924, Time: 00:04:56

Health: 0/28       AC:  3    Str: 11    XL:     3   Next: 73%
Magic:  2/6        EV: 12    Int: 14    God:
Gold:   23         SH:  0    Dex: 17    Spells: 0/6 levels left

rFire    + . .     SeeInvis .     - Unarmed
rCold    . . .     Gourm    .   (no shield)
rNeg     . . .     Faith    .   j - +0 leather armour
rPois    .         Spirit   +   (no helmet)
rElec    .         Reflect  .   (no cloak)
rCorr    .         Harm     .   (no gloves)
MR       .....                  (boots currently unavailable)
Stlth    ++........             g - amulet of guardian spirit
HPRegen  0.09/turn              k - ring of protection from fire
MPRegen  0.10/turn              (no ring)

@: lethally poisoned (0 -> -12), appendage (expiring)
A: talons 3, thin skeletal structure 2
a: End Transformation


You were on level 2 of the Dungeon.
You were not hungry.
You had grown temporary talons.
You visited 1 branch of the dungeon, and saw 3 of its levels.

You collected 23 gold pieces.

Inventory:

Missiles
 a - 12 arrows
 c - 22 poisoned needles
 f - 2 javelins (quivered)
Armour
 b - a +0 robe
 j - a +0 leather armour (worn)
Jewellery
 g - an amulet of guardian spirit (around neck)
 k - a ring of protection from fire (left hand)
 l - an uncursed amulet of the gourmand {unknown}
Scrolls
 h - 2 scrolls of identify {unknown}
 m - a scroll of enchant armour {unknown}
Potions
 e - a potion of curing {unknown}
 i - a potion of brilliance {unknown}
Comestibles
 d - 3 rations


   Skills:
 + Level 2.6 Fighting
 - Level 1.7 Dodging
 + Level 3.6 Unarmed Combat
 - Level 2.0 Spellcasting
 - Level 1.7 Transmutations


You couldn't memorise any spells.
You knew the following spells:

 Your Spells              Type           Power        Failure   Level  Hunger
a - Beastly Appendage     Tmut           #.....       16%         1    ##.....
l - Sticks to Snakes      Tmut           #.......     22%         2    ###....
p - Spider Form           Tmut/Pois      #.........   54%         3    ####...

Your spell library contained the following spells:

 Spells                   Type           Power        Failure   Level  Hunger
 Blade Hands              Tmut           #.........   99%         5    ######.
 Ice Form                 Ice/Tmut       #.......     91%         4    #####..


Dungeon Overview and Level Annotations

Branches:
Dungeon (3/15)

Altars:
Elyvilon
Xom
The Shining One

Annotations:
D:3 Grinder


Innate Abilities, Weirdness & Mutations

You have a moderately thin skeletal structure. (Dex +4, Stealth+)
You have claws for feet.


Message History

You closely miss the adder. The adder bites you.
* * * LOW HITPOINT WARNING * * *
You are poisoned.
The adder poisons you!
You miss the adder. Your kick misses the adder.
Your transformation is almost over.
You feel sick. The adder bites you.
* * * LOW HITPOINT WARNING * * *
You miss the adder. Your kick misses the adder. The adder closely misses you.
The adder bites you.
* * * LOW HITPOINT WARNING * * *
You barely miss the adder. Your kick misses the adder.
* * * LOW HITPOINT WARNING * * *
You feel sick. The adder bites you.
* * * LOW HITPOINT WARNING * * *
You are more poisoned.
The adder poisons you!
Unknown command.
You closely miss the adder. Your kick misses the adder.
You die...

... .......#.#...(..#.#
#####.......(.##.#....#
.......(.........#....#
.................'....#
.........####..#.#....##.
.........####.............
..........................
.##........####.S####.##.#
.##._.......# #.@# .# #
............# #).# #
##....8.._..# ##>#
#.........## ###
##._.....## .........#
##......### ########


You could see an adder.

Vanquished Creatures
  An ooze (D:1)
  2 leopard geckos
  An orc (D:2)
  4 giant cockroaches
  4 goblins
  7 hobgoblins
  7 kobolds
  8 bats
  4 frilled lizards
  7 rats
45 creatures vanquished.

Notes
Turn   | Place    | Note
-------+----------+-------------------------------------------
     0 | D:1      | letownia2 the Demonspawn Transmuter began the quest for the Orb.
     0 | D:1      | Reached XP level 1. HP: 15/15 MP: 3/3
    50 | D:1      | Reached skill level 3 in Unarmed Combat
    79 | D:1      | Gained mutation: You have a somewhat thin skeletal structure. (Dex +2, Stealth) [demonic ancestry]
    79 | D:1      | Reached XP level 2. HP: 2/21 MP: 5/5
   347 | D:1      | Gained mutation: You have a moderately thin skeletal structure. (Dex +4, Stealth+) [demonic ancestry]
   347 | D:1      | Reached XP level 3. HP: 8/27 MP: 0/6
   602 | D:2      | Found a white marble altar of Elyvilon.
   602 | D:2      | Found a shimmering altar of Xom.
   602 | D:2      | Found a glowing golden altar of the Shining One.
   786 | D:2      | Learned a level 2 spell: Sticks to Snakes
   790 | D:2      | Learned a level 3 spell: Spider Form
   853 | D:3      | Noticed Grinder
   923 | D:2      | HP: 1/28 [adder (1)]
   924 | D:2      | Succumbed to an adder's poison

Skill      XL: |  1  2 |
---------------+-------+-----
Unarmed Combat | 3 |  3.6
Fighting       | 2 |  2.6
Dodging        | |  1.7
Spellcasting   | |  2.0
Transmutations | |  1.7

Action                   || total
-------------------------++-------
Melee: Unarmed           ||   145
       Headbutt          ||     8
       Kick              ||     7
       Punch             ||     1
Throw: Javelin           ||    13
 Cast: Beastly Appendage ||    25
 Stab: Sleeping          ||     1
  Eat: Chunk             ||     1
Armor: Robe              ||    25
       Leather armour    ||    10
Dodge: Dodged            ||    86
